 Dungeon Crawl Stone Soup version 0.27.1-4-g1640c2035a (webtiles) character file.

Game seed: 2659902439058621117

126 bellerephron the Shield-Bearer (level 4, 0/35 HPs)
             Began as a Demonspawn Fighter on Nov 6, 2021.
             Killed from afar by a white imp (5 damage)
             ... with a puff of frost
             ... summoned by Natasha
             ... on level 2 of the Dungeon on Nov 7, 2021.
             The game lasted 00:06:00 (1679 turns).

bellerephron the Shield-Bearer (Demonspawn Fighter) Turns: 1679, Time: 00:06:02

Health: 0/35       AC: 13    Str: 18    XL:     4   Next: 83%
Magic:  4/4        EV:  8    Int:  9    God:
Gold:   39         SH: 13    Dex: 12    Spells: 3/3 levels left

rFire    . . .     SeeInvis +   a - +0 long sword
rCold    . . .     Faith    .   c - +0 kite shield
rNeg     . . .     Spirit   .   o - +0 swamp dragon scales
rPois    +         Reflect  .   d - +0 helmet
rElec    .         Harm     .   (no cloak)
rCorr    .         Rampage  .   (no gloves)
Will     .....                  (no boots)
Stlth    +.........             (no amulet)
HPRegen  0.11/turn              i - ring of see invisible
MPRegen  0.09/turn              (no ring)

@: no status effects
A: foul stench 1, icemail 1, condensation shield
a: no special abilities


You were on level 2 of the Dungeon.
You visited 1 branch of the dungeon, and saw 2 of its levels.

You collected 39 gold pieces.

Inventory:

Hand Weapons
 a - a +0 long sword (weapon)
Missiles
 g - 75 stones (quivered)
Armour
 b - a +0 scale mail
 c - a +0 kite shield (worn)
 d - a +0 helmet (worn)
 o - +0 swamp dragon scales (worn)
Jewellery
 i - a ring of see invisible (left hand)
 l - a ring of ice
Scrolls
 h - 2 scrolls of teleportation {unknown}
 j - 2 scrolls of identify {unknown}
 k - a scroll of enchant weapon {unknown}
Potions
 e - a potion of heal wounds {unknown}
 f - a potion of resistance
 n - a potion of magic {unknown}


   Skills:
 + Level 3.4 Fighting
 * Level 3.2 Long Blades
 + Level 3.0 Armour
 + Level 0.5 Dodging
 * Level 3.6 Shields


You had 3 spell levels left.
You didn't know any spells.
Your spell library contained the following spells:

 Spells                   Type           Power      Damage    Failure   Level
 Blink                    Tloc           N/A        N/A       99%         2
 Lesser Beckoning         Tloc           0%         N/A       100%        3
 Manifold Assault         Tloc           0%         N/A       100%        5


Dungeon Overview and Level Annotations

Branches:
Dungeon (2/15)

Altars:

Annotations:
D:2 Natasha


Innate Abilities, Weirdness & Mutations

You may rarely emit foul miasma when damaged in melee.
A meltable icy envelope protects you from harm. (AC +4)
A meltable shield of frost defends you. (SH +4)


Message History

Unknown command.
You closely miss Natasha.
Natasha is lightly wounded.
The adder bites you but does no damage.
The white imp hits you but does no damage.
You block Natasha's attack. You block the adder's attack.
Natasha extends her claws.
Natasha closely misses you. The white imp hits you. The white imp freezes you.
You closely miss Natasha.
Natasha is lightly wounded.
You block the adder's attack. The white imp gestures at you.
The puff of frost hits you! Natasha claws you.
The adder bites you but does no damage.
Unknown command.
You completely miss Natasha.
Natasha is lightly wounded.
The adder bites you but does no damage. You block the white imp's attack.
Natasha casts a spell at you. The magic dart hits you. Natasha claws you.
* * * LOW HITPOINT WARNING * * *
The white imp gestures at you. The puff of frost misses you.
The puff of frost hits the adder.
The adder dies!
Your Armour skill increases to level 3!
You hit Natasha.
Natasha is lightly wounded.
The white imp gestures at you. The puff of frost hits you.
* * * LOW HITPOINT WARNING * * *
You block Natasha's attack.
Unknown command.
Unknown command.
You slash Natasha!
Natasha is severely wounded.
You block the white imp's attack. You block Natasha's attack.
Natasha barely misses you. The white imp gestures at you.
The puff of frost hits you.
You die...

#. #. #. ###### #.
#....# #. #....########
####.
##....#......#####..
.)...
#>....................#
#####
#....).....5@....... ..
.....
#.#.........h#####.#
#.# ##..
#.#.....###....... ..
#.. #.#.....# #.......
#.###.. #.#.....#
#........ ..##..
#####.#†....# #......h.
#.#... ........#####
#$...###. #.#...
........# #....#
###.#... ........#
....# #.......


You could see Natasha and a white imp (summoned).

Vanquished Creatures
  Natasha (twice) (D:2)
  Robin (D:2)
  3 bats
  2 endoplasms
  A giant cockroach (D:1)
  11 goblins
  8 hobgoblins
  3 jackals (D:1)
  6 kobolds
  2 quokkas (D:1)
  4 ball pythons
  11 frilled lizards (D:1)
  3 rats
57 creatures vanquished.

Vanquished Creatures (others)
  An adder (D:2)
  7 plants (D:1)
8 creatures vanquished.

Grand Total: 65 creatures vanquished

Notes
Turn   | Place    | Note
-------+----------+-------------------------------------------
     0 | D:1      | bellerephron the Demonspawn Fighter began the quest for the
                  | Orb.
     0 | D:1      | Reached XP level 1. HP: 18/18 MP: 1/1
   138 | D:1      | Gained mutation: A meltable shield of frost defends you.
                  | (SH +4) [demonic ancestry]
   138 | D:1      | Reached XP level 2. HP: 23/24 MP: 2/2
   734 | D:1      | Gained mutation: You may rarely emit foul miasma when
                  | damaged in melee. [demonic ancestry]
   734 | D:1      | Reached XP level 3. HP: 29/29 MP: 3/3
   954 | D:2      | Noticed Natasha
   965 | D:2      | Killed Natasha
  1163 | D:2      | Noticed Natasha
  1202 | D:2      | Killed Natasha
  1203 | D:2      | Gained mutation: A meltable icy envelope protects you from
                  | harm. (AC +4) [demonic ancestry]
  1203 | D:2      | Reached XP level 4. HP: 29/35 MP: 4/4
  1374 | D:2      | Noticed Robin
  1406 | D:2      | Killed Robin
  1664 | D:2      | Noticed Natasha
  1679 | D:2      | Killed from afar by a white imp

Illustrated notes

Levels and vault maps discovered:
D:1:      onia_arrival_pentagram, layout_rooms, serial_glass, glass_columns_a,
          glass_columns_c, minmay_lizard_king
D:2:      layout_basic, uniq_natasha, uniq_terence, uniq_robin

Skill      XL: |  1  2  3  4 |
---------------+-------------+-----
Long Blades    | 2 3 |  3.2
Shields        | 3 |  3.6
Armour         | 3 |  3.0
Fighting       | |  3.4
Dodging        | |  0.5

Action                   |  1- 3 |  4- 6 || total
-------------------------+-------+-------++-------
Melee: Long sword        |   108 |    48 ||   156
  Use: Potion            |       |     3 ||     3
Armor: Scale mail        |    31 |       ||    31
       Skin              |     6 |       ||     6
       Swamp dragon scal |       |    27 ||    27
Dodge: Dodged            |    33 |    18 ||    51
Block: Kite shield       |    87 |    50 ||   137
       Rpst.: Long sword |     6 |     8 ||    14
